 Dungeon Crawl Stone Soup version 0.28.0-53-g5a82cb258f (webtiles) character file.

Game seed: 13585169796453145388

114 Erymatos the Chopper (level 4, 0/41 HPs)
             Began as a Minotaur Berserker on June 8, 2022.
             Was a Believer of Trog.
             Slain by a gnoll sergeant
             ... wielding a +0 spear
              (5 damage)
             ... on level 3 of the Dungeon.
             The game lasted 00:02:02 (1989 turns).

Erymatos the Chopper (Minotaur Berserker)           Turns: 1989, Time: 00:02:02

Health: 0/41       AC:  5    Str: 21    XL:     4   Next: 66%
Magic:  3/3        EV: 11    Int:  4    God:    Trog [**....]
Gold:   62         SH:  0    Dex: 12    Spells: 3/3 levels left

rFire   . . .      SeeInvis .   a - +0 hand axe
rCold   . . .      Faith    .   (no shield)
rNeg    . . .      Spirit   .   p - +0 ring mail
rPois   .          Reflect  .   (helmet restricted)
rElec   .          Harm     .   (no cloak)
rCorr   .          Rampage  .   (no gloves)
Will    .....                   (no boots)
Stlth   +.........              n - amulet of regeneration
HPRegen 0.93/turn               (no ring)
MPRegen 0.08/turn               (no ring)

@: on berserk cooldown, slowed, very slow
A: horns 2, retaliatory headbutt
a: Renounce Religion, Berserk, Trog's Hand


You were on level 3 of the Dungeon.
You worshipped Trog.
Trog was pleased with you.
You visited 1 branch of the dungeon, and saw 3 of its levels.

You collected 62 gold pieces.

Inventory:

Hand Weapons
 a - a +0 hand axe (weapon)
Armour
 b - a +0 animal skin
 p - a +0 ring mail (worn)
Jewellery
 k - a ring of ice
 n - an amulet of regeneration (around neck)
Scrolls
 c - a scroll of noise {unknown}
 d - a scroll of teleportation {unknown}
 f - 2 scrolls of fear {unknown}
 i - a scroll of magic mapping {unknown}
 j - 3 scrolls of identify {unknown}
 l - 2 scrolls of vulnerability {unknown}
 m - a scroll of summoning {unknown}
 q - a scroll of amnesia {unknown}
Potions
 e - a potion of mutation {unknown}
 g - a potion of degeneration {unknown}
 h - a potion of berserk rage {unknown}
 o - a potion of might {unknown}
 r - a potion of lignification {unknown}


   Skills:
 + Level 4.3 Fighting
 + Level 5.4 Axes
 + Level 2.6 Armour
 + Level 3.1 Dodging


You had 3 spell levels left.
You didn't know any spells.
Your spell library was empty.

Dungeon Overview and Level Annotations

Branches:
Dungeon (3/15)

Altars:


Innate Abilities, Weirdness & Mutations

You have a pair of horns on your head.
You reflexively headbutt those who attack you in melee.


Message History

An orc comes into view. It is wielding a +0 flail.
The gnoll sergeant hits you with a +0 spear!
Unknown command.
You barely miss the gnoll sergeant.
The gnoll sergeant is moderately wounded.
The orc shouts!
The gnoll sergeant barely misses you.
An orc comes into view. It is wielding a +0 flail.
Unknown command.
You closely miss the gnoll sergeant.
The gnoll sergeant is moderately wounded.
The orc shouts!
You hear a shout!
The gnoll sergeant hits you with a +0 spear.
A giant cockroach comes into view.
The gnoll sergeant barely misses you.
A gnoll comes into view. It is wielding a +0 flail.
You hear a shout!
You barely miss the gnoll sergeant.
The gnoll sergeant is moderately wounded.
You hear the slow rusting of a drain very nearby.
The gnoll sergeant misses you.
The gnoll sergeant hits you with a +0 spear.
Unknown command.
You hit the gnoll sergeant but do no damage.
The gnoll sergeant is moderately wounded.
The gnoll sergeant hits you with a +0 spear.
Unknown command.
You hit the gnoll sergeant but do no damage.
You headbutt the gnoll sergeant, but do no damage.
The gnoll sergeant is moderately wounded.
The gnoll sergeant hits you with a +0 spear!
* * * LOW HITPOINT WARNING * * *
The gnoll sergeant hits you with a +0 spear.
* * * LOW HITPOINT WARNING * * *
The giant cockroach waves its antennae.
You hit the gnoll sergeant.
Your headbutt misses the gnoll sergeant.
The gnoll sergeant is moderately wounded.
The gnoll sergeant hits you with a +0 spear.
You die... #... #..# #..# #..# ##B.# goo

.####. #o#
(..... #g#
####.. #@#
≈≈≈#..##.#
≈≈#....<# .
≈≈#...#)# .#
###.#.#.###≈+##
... #..††≈≈≈..≈
## #..≈≈....≈≈
######..≈≈.....
#.....)..≈≈≈...


You could see a gnoll sergeant, a gnoll, 3 orcs and a giant cockroach.

Vanquished Creatures
  Jessica (D:3)
  A gnoll (D:3)
  2 adders
  2 worms (D:2)
  A dart slug (D:2)
  An orc (D:3)
  3 endoplasms (D:1)
  3 giant cockroaches
  4 goblins
  3 hobgoblins
  3 jackals (D:3)
  4 ball pythons
  8 bats
  3 frilled lizards
  8 kobolds
  4 rats (D:2)
51 creatures vanquished.

Vanquished Creatures (others)
  7 plants (D:1)
7 creatures vanquished.

Grand Total: 58 creatures vanquished

Notes
Turn   | Place    | Note
-------+----------+-------------------------------------------
     0 | D:1      | Erymatos the Minotaur Berserker began the quest for the
                  | Orb.
     0 | D:1      | Reached XP level 1. HP: 19/19 MP: 0/0
   302 | D:1      | Reached skill level 4 in Axes
   357 | D:1      | Reached XP level 2. HP: 27/27 MP: 1/1
   870 | D:1      | Reached ** piety under Trog
  1087 | D:2      | Reached XP level 3. HP: 30/33 MP: 2/2
  1949 | D:3      | Reached skill level 5 in Axes
  1949 | D:3      | Reached XP level 4. HP: 40/40 MP: 3/3
  1953 | D:3      | Noticed Jessica
  1960 | D:3      | Killed Jessica
  1977 | D:3      | Noticed a gnoll sergeant
  1989 | D:3      | Slain by a gnoll sergeant

Illustrated notes

Levels and vault maps discovered:
D:1:      dpeg_arrival_orchard, layout_loops_ring, serial_bayou_lagoon_a,
          serial_bayou_pond_e, nrook_mini_vaults
D:2:      minmay_spotlight, layout_basic
D:3:      minmay_diamond_boxcup, layout_basic,
          mainiacjoe_overflow_cross_hatched,
          hellmonk_ecumenical_altar_inner_sanctum, serial_rivers,
          chequers_serial_rivers_micro_e, chequers_serial_rivers_small_b,
          chequers_serial_rivers_small_a, chequers_serial_rivers_large_b,
          chequers_serial_rivers_micro_d, chequers_serial_rivers_micro_e,
          gup_sewer_entry_glass, uniq_crazy_yiuf_cottage, uniq_jessica

Skill      XL: |  1  2  3  4 |
---------------+-------------+-----
Axes           | 4 5 |  5.4
Fighting       | 4 |  4.3
Dodging        | 3 |  3.1
Armour         | |  2.6

Action                   |  1- 3 |  4- 6 || total
-------------------------+-------+-------++-------
Melee: Hand axe          |   100 |    19 ||   119
       Headbutt          |     9 |     6 ||    15
Invok: Berserk           |     1 |     1 ||     2
 Stab: Sleeping          |     3 |       ||     3
Armor: Animal skin       |    18 |       ||    18
       Ring mail         |       |     6 ||     6
Dodge: Dodged            |    64 |    14 ||    78
